cohdb
Replays
Latest Replays
All Replays
Popular Replays
Top Player Replays
Match Explorer
How It Works
Community
CoH3 Stats
Reddit
Sign in to upload your games and track your stats! →
Sign in with Steam
Match 40335534
Unlisted
Match 40335534
Overview
Messages
Build Orders
End
Panzergrenadier Squad
250 Light Carrier
Selects Panzerjäger Kommand Battlegroup
Panzergrenadier Squad
Panzergrenadier Squad
Selects GrB 39 Grenade Launcher Requisition
Construct Light Support Kompanie
2.5-tonne Medical Truck
Assault Mechanized Group
Construct Mechanized Kompanie
Support Armor Elements
Selects Blockade Equipment
Selects Defensive Positions
Veteran Squad Leaders
StuG III D Assault Gun
Selects Butterfly Bomb Drop
le.IG 18 Mechanized Group
호빵먹는갑부
CPU - VERY EASY
那么唯一
lemerman9
thecrazycowboygeneral
OUT
0
0
Comments
sign in to comment!
No comments posted yet!